 Dungeon Crawl Stone Soup version 0.29-a0-330-g52719c12eb (webtiles) character file.

Game seed: 5976297135845827993

399 dohliylev the Ruffian (level 6, 0/55 (57) HPs)
             Began as a Troll Warper on May 27, 2022.
             Slain by a wight
             ... wielding a +3 trident of freezing
              (9 damage)
             ... on level 6 of the Dungeon.
             The game lasted 00:06:09 (2863 turns).

dohliylev the Ruffian (Troll Warper)                Turns: 2863, Time: 00:06:11

HP:   0/55 (57)     AC:  5    Str: 22    XL:     6   Next: 53%
MP:   5/7           EV: 11    Int:  9    God:
Gold: 259           SH:  0    Dex: 15    Spells: 6/8 levels left

rFire   + . .      SeeInvis .     - Unarmed
rCold   + . .      Faith    .   (no shield)
rNeg    . . .      Spirit   .   q - +1 animal skin
rPois   .          Reflect  .   (helmet restricted)
rElec   .          Harm     .   i - scarf {rC+ rF+}
rCorr   .          Rampage  .   (gloves unavailable)
Will    .....                   (boots unavailable)
Stlth   +.........              r - amulet of magic regeneration
HPRegen 0.98/turn               s - +6 ring of dexterity
MPRegen 0.50/turn               (no ring)

@: weak-willed, on blink cooldown, lightly drained
A: large, unfitting armour, claws 3, regeneration 1, shaggy fur 1, tough skin 1
a: no special abilities


You were on level 6 of the Dungeon.
You visited 1 branch of the dungeon, and saw 6 of its levels.

You collected 259 gold pieces.

Inventory:

Missiles
 c - 7 boomerangs of dispersal
 x - 7 boomerangs (quivered)
 y - 4 silver boomerangs
Armour
 i - a scarf of resistance (worn)
 q - a +1 animal skin (worn)
Jewellery
 r - an amulet of magic regeneration (around neck)
 s - a +6 ring of dexterity (left claw)
Wands
 a - a wand of flame (11)
Scrolls
 b - a scroll of blinking
 d - a scroll of vulnerability
 e - 5 scrolls of magic mapping
 g - 5 scrolls of identify
 l - 3 scrolls of fog
 v - a scroll of enchant weapon {unknown}
 w - a scroll of enchant armour {unknown}
Potions
 f - 3 potions of brilliance {unknown}
 h - a potion of heal wounds {unknown}
 j - 2 potions of attraction {unknown}
 k - a potion of flight {unknown}
 m - a potion of mutation {unknown}
 o - 2 potions of ambrosia {unknown}
 p - a potion of curing {unknown}
 t - a potion of cancellation {unknown}
 u - a potion of lignification {unknown}


   Skills:
 + Level 2.2 Fighting
 + Level 0.8 Throwing
 + Level 3.6 Dodging
 + Level 5.1 Unarmed Combat
 + Level 1.5 Spellcasting
 + Level 2.4 Translocations


You had 6 spell levels left.
You knew the following spells:

 Your Spells              Type           Power      Damage    Failure   Level
a - Blink                 Tloc           10%        N/A       19%         2

Your spell library contained the following spells:

 Spells                   Type           Power      Damage    Failure   Level
 Shock                    Conj/Air       0%         1d3       34%         1
 Summon Small Mammal      Summ           0%         N/A       34%         1
 Gell's Gravitas          Tloc           5%         N/A       36%         3
 Lesser Beckoning         Tloc           5%         N/A       36%         3
 Teleport Other           Tloc           5%         N/A       36%         3
 Call Canine Familiar     Summ           0%         N/A       71%         3
 Ozocubu's Armour         Ice            0%         N/A       71%         3
 Summon Guardian Golem    Hex/Summ       0%         N/A       71%         3
 Manifold Assault         Tloc           5%         N/A       98%         5
 Metabolic Englaciation   Hex/Ice        0%         N/A       100%        5
 Simulacrum               Ice/Necr       0%         N/A       100%        6


Dungeon Overview and Level Annotations

Branches:
Dungeon (6/15)
 Temple: D:4-7

Altars:
Ashenzari
Cheibriados
Kikubaaqudgha
Ru
Yredelemnul

Shops:
D:3 :


Innate Abilities, Weirdness & Mutations

You are too large for most types of armour.
You have claws for hands.
Your natural rate of healing is unusually fast.
You are covered in fur. (AC +1)
You have tough skin. (AC +1)


Message History

Casting: Blink (safe; 19% risk of failure)
Confirm with . or Enter, or press ? or * to list all spells.
You blink.
Your surroundings suddenly seem different.
A sky beast comes into view.
You feel stable enough to blink again.
The sky beast flickers out of sight!
Deactivating autopickup; reactivate with Ctrl-A.
Your magical contamination has completely faded away.
Found a stone staircase leading down.
There is a stone staircase leading down here.
You climb downwards.
Reactivating autopickup.
Found 19 gold pieces.
There is a stone staircase leading up here.
A white imp comes into view.
The helpless white imp fails to defend itself.
You scratch the white imp.
The white imp is heavily wounded.
The white imp closely misses you.
You closely miss the white imp.
The white imp is heavily wounded.
The white imp hits you. The white imp freezes you. You resist.
You scratch the white imp but do no damage.
The white imp is heavily wounded.
You claw the white imp!
You kill the white imp!
The wight barely misses you.
The wight hits you from afar with a +3 trident of freezing!
You feel drained. The wight freezes you.
* * * LOW HITPOINT WARNING * * *
The wight hits you with a +3 mace!
* * * LOW HITPOINT WARNING * * *
Casting: Blink (safe; 19% risk of failure)
Confirm with . or Enter, or press ? or * to list all spells.
You blink.
A centaur and a wight come into view.
The wight is wielding a +3 scimitar of electrocution.
The wight hits you from afar with a +3 trident of freezing!
You die...

##... ......
.##....#c#...
.....#..z..
..#.#.....#
#......#.#
..##........#
...........###
..#...@.....# #.
.............#...
...##..zzz.$...#
. #...z....##
#####ยง####
#.....# ....#####
..


You could see a centaur and 5 wights.

Vanquished Creatures
  An ogre (D:4)
  A scorpion (D:4)
  An orc priest (D:3)
  Jessica (D:2)
  Terence (D:2)
  Robin (D:2)
  4 adders
  2 white imps
  An ufetubus (D:4)
  7 dart slugs
  3 orcs (D:3)
  6 bats
  7 endoplasms
  15 goblins
  10 hobgoblins
  4 jackals (D:1)
  11 kobolds
  4 quokkas
  6 ball pythons
  3 frilled lizards
  6 rats
95 creatures vanquished.

Notes
Turn   | Place    | Note
-------+----------+-------------------------------------------
     0 | D:1      | dohliylev the Troll Warper began the quest for the Orb.
     0 | D:1      | Reached XP level 1. HP: 19/19 MP: 1/1
   113 | D:1      | Reached XP level 2. HP: 27/27 MP: 3/3
   126 | D:1      | Learned a level 2 spell: Blink
   380 | D:1      | Found a faded altar of an unknown god.
   401 | D:1      | Got Plato's Guide on Combat Magic
   448 | D:1      | Reached XP level 3. HP: 35/35 MP: 4/4
   996 | D:2      | Noticed Jessica
   998 | D:2      | Killed Jessica
  1024 | D:2      | Noticed Robin
  1047 | D:2      | Reached XP level 4. HP: 21/42 MP: 5/5
  1067 | D:2      | Killed Robin
  1068 | D:2      | Reached skill level 3 in Unarmed Combat
  1116 | D:2      | Noticed Terence
  1141 | D:2      | Killed Terence
  1488 | D:3      | Reached XP level 5. HP: 49/49 MP: 6/6
  1517 | D:3      | Found a basalt altar of Yredelemnul.
  1571 | D:3      | Found Viruustra's Book Emporium.
  1585 | D:3      | Found an ancient bone altar of Kikubaaqudgha.
  1718 | D:3      | Reached skill level 4 in Unarmed Combat
  2007 | D:4      | Reached XP level 6. HP: 47/57 MP: 7/7
  2272 | D:4      | Reached skill level 5 in Unarmed Combat
  2334 | D:4      | Found a sacrificial altar of Ru.
  2676 | D:5      | Entered Level 5 of the Dungeon
  2762 | D:5      | Found a broken altar of Ashenzari.
  2783 | D:5      | Found a snail-covered altar of Cheibriados.
  2818 | D:5      | Noticed a water moccasin
  2840 | D:5      | Noticed a sky beast
  2863 | D:6      | Slain by a wight

Illustrated notes

Levels and vault maps discovered:
D:1:      onia_arrival_pyramid, layout_basic,
          shapermc_ecumenical_altar_rom_forum
D:2:      minmay_evil_eye, layout_basic, uniq_jessica, uniq_robin, uniq_terence
D:3:      layout_rooms, nicolae_overflow_crystal_walls,
          yredelemnul_altar_generic, serial_shops, shop
D:4:      layout_loops_ring, nicolae_ru_path_of_blood,
          nicolae_elevator_lobby_plus
D:5:      layout_loops_ring, mainiacjoe_overflow_catwalk_spiral
D:6:      layout_rooms, nicolae_qazlal_style_of_elements,
          nicolae_dithmenos_shadow_blocks, temple_pool_b, uniq_eustachio,
          uniq_sigmund, uniq_edmund, uniq_prince_ribbit1

Skill      XL: |  1  2  3  4  5  6 |
---------------+-------------------+-----
Dodging        | 2 3 |  3.6
Unarmed Combat | 3 4 5 |  5.1
Fighting       | 2 |  2.2
Throwing       | |  0.8
Spellcasting   | |  1.5
Translocations | |  2.4

Action                   |  1- 3 |  4- 6 || total
-------------------------+-------+-------++-------
Melee: Unarmed           |    92 |   159 ||   251
       Punch             |     1 |       ||     1
Throw: Boomerang         |       |     3 ||     3
 Cast: Blink             |       |     5 ||     5
  Use: Scroll            |       |     4 ||     4
 Stab: Sleeping          |       |     2 ||     2
Armor: Robe              |    44 |     3 ||    47
       Animal skin       |       |    44 ||    44
Dodge: Dodged            |    74 |    82 ||   156

Table legend: (Time is in decaauts)
 A = Elapsed time spent in this place.
 B = Non-inter-level travel time spent in this place.
 C = Inter-level travel time spent in this place.
 D = Time resting spent in this place.
 E = Time spent auto-exploring this place.
 F = Levels seen in this place.
 G = Mean time per level.
                   A        B        C        D        E       F      G
               +--------+--------+--------+--------+--------+-----+--------+
         Total |   2847 |   2735 |    112 |     62 |   1925 |   6 |  474.5 |
       Dungeon |   2847 |   2735 |    112 |     62 |   1925 |   6 |  474.5 |
               +--------+--------+--------+--------+--------+-----+--------+

Top non-repeatable levels by time:
     D:1: 893 daAuts
     D:4: 810 daAuts
     D:2: 518 daAuts
     D:3: 438 daAuts
     D:5: 180 daAuts
     D:6: 5 daAuts
